AoeStats
← Shell

Arena

510190160Analyzed
4v4 RM · 2d ago on Sep 29, 2026· 62m 50s· 8 players
Game mode
Random Map
Map size
Large (8 player)
Population
200
Speed
Normal
Resources
Standard
Victory
Conquest
Starting age
Dark Age
Ending age
Imperial Age
RankedLock teamsTeams togetherTeam positionsShared explorationLock speedFull tech treeHidden civsTurbo modeCheats
Victory
Defeat
🇲🇽 Spanish · Mexico
1397
+11
🇲🇽 Lithuanians · Mexico
1355
+13
🇲🇽 Mongols · Mexico
1341
+14
🇺🇸 Aztecs · United States
1251
+18
🇨🇳 Persians · China
1337
-16
🇻🇳 Japanese · Vietnam
1315
-15
🇵🇹 Tupi · Portugal
1308
-15
🇵🇹 Franks · Portugal
1192
-10
KRATOS | GOD OF WAR
9:55 Feudal Age
15:01 Castle Age
14:36 Double-Bit Axe
15:10 Gold Mining
17:04 Bow Saw
18:53 Loom
20:27 Stone Mining
22:33 Wheelbarrow
26:10 Husbandry
30:35 Imperial Age
28:27 Scale Mail Armor
29:01 Fletching
29:11 Padded Archer Armor
29:52 Chain Mail Armor
29:30 Elite Skirmisher
31:23 Bodkin Arrow
32:17 Hand Cart
32:21 Cavalier
33:55 Leather Archer Armor
37:09 Scale Barding Armor
40:26 Chain Barding Armor
41:21 Pikeman
班长
9:40 Feudal Age
14:08 Castle Age
12:40 Double-Bit Axe
12:55 Horse Collar
15:15 Bow Saw
21:42 Wheelbarrow
22:03 Heavy Plow
28:40 Imperial Age
26:16 Gold Mining
26:20 Stone Mining
26:38 Scale Barding Armor
26:53 Husbandry
27:04 Bloodlines
27:02 Loom
28:33 Chain Barding Armor
28:24 Forging
30:24 Conscription
30:15 Elite War Elephant
32:20 Heavy Camel Rider
33:48 Plate Barding Armor
33:49 Iron Casting
36:23 Guilds
36:44 Coinage
36:14 Caravan
38:24 Blast Furnace
40:28 Cavalier
41:29 Savar
42:53 Fletching
Melodies of Life
11:21 Feudal Age
15:17 Castle Age
13:12 Double-Bit Axe
13:45 Horse Collar
15:03 Stone Mining
16:34 Town Watch
23:47 Loom
26:31 Wheelbarrow
27:05 Fletching
28:01 Hand Cart
29:09 Bodkin Arrow
29:45 Yasama
33:14 Ballistics
33:13 Murder Holes
BARAKA wins!
12:42 Feudal Age
14:05 Double-Bit Axe
17:07 Castle Age
15:23 Horse Collar
15:39 Gold Mining
18:01 Bow Saw
18:28 Gold Shaft Mining
19:13 Scale Mail Armor
19:23 Loom
21:28 Chain Mail Armor
22:45 Forging
24:14 Iron Casting
24:40 Squires
26:47 Arson
30:48 Fletching
32:05 Wheelbarrow
39:14 Heavy Plow
39:05 Stone Mining
42:24 Pikeman
[Zelda] prosao24
9:39 Feudal Age
14:23 Castle Age
13:01 Double-Bit Axe
15:38 Horse Collar
20:35 Wheelbarrow
24:37 Fletching
26:42 Hand Cart
27:12 Gold Mining
28:03 Bodkin Arrow
28:09 Padded Archer Armor
28:10 Loom
28:14 Town Watch
31:23 Imperial Age
28:19 Pikeman
30:07 Leather Archer Armor
30:08 Thumb Ring
30:15 Bloodlines
30:06 Husbandry
31:11 Masonry
31:30 Ballistics
32:17 Gold Shaft Mining
31:33 Elite Mangudai
31:48 Elite Mangudai
32:49 Conscription
32:49 Bow Saw
33:03 Bracer
33:45 Parthian Tactics
33:51 Light Cavalry
35:01 Hussar
36:01 Scale Barding Armor
38:41 Chain Barding Armor
39:53 Forging
48:25 Chemistry
[Zelda] Skull kid
10:06 Feudal Age
14:21 Castle Age
12:32 Double-Bit Axe
17:06 Wheelbarrow
21:56 Bow Saw
22:22 Hand Cart
28:25 Imperial Age
25:41 Loom
26:32 Scale Barding Armor
26:38 Forging
27:44 Chain Barding Armor
27:19 Gold Mining
29:11 Iron Casting
28:27 Town Watch
29:13 Bloodlines
29:42 Conscription
28:44 Cavalier
29:27 Husbandry
30:08 Plate Barding Armor
30:14 Paladin
31:52 Light Cavalry
34:49 Town Patrol
35:39 Pikeman
36:05 Arson
36:20 Squires
42:03 Horse Collar
46:33 Coinage
48:08 Banking
49:45 Stone Mining
[Zelda] Lachomix
7:59 Loom
10:57 Feudal Age
15:11 Castle Age
14:01 Gold Mining
24:22 Double-Bit Axe
29:59 Horse Collar
38:12 Imperial Age
36:44 Scale Mail Armor
36:45 Pikeman
38:15 Halberdier
40:02 Chain Mail Armor
40:34 Wheelbarrow
41:39 Forging
42:44 Hand Cart
43:08 Sanctity
43:32 Plate Mail Armor
44:26 Iron Casting
46:54 Blast Furnace
46:12 Arson
46:28 Squires
50:09 Conscription
Shell
11:00 Feudal Age
12:07 Double-Bit Axe
14:29 Castle Age
12:39 Horse Collar
24:28 Forging
24:19 Scale Mail Armor
24:23 Squires
29:21 Iron Casting
35:00 Gold Mining
39:02 Double-Bit Axe
40:10 Wheelbarrow
39:39 Heavy Plow
40:16 Bow Saw
42:22 Chain Mail Armor
44:41 Hand Cart
47:52 Imperial Age
46:36 Gold Shaft Mining
45:37 Pikeman
48:55 Garland Wars
47:59 Man-at-Arms
48:26 Gambesons
50:42 Blast Furnace
50:14 Plate Mail Armor
51:15 Conscription
50:36 Elite Jaguar Warrior
51:35 Spies/Treason
Connection lost

Rejoining the realm…

Still unreachable

The connection could not be restored.

Session expired

The server has moved on; the page needs a fresh start.